 Dungeon Crawl Stone Soup version 0.29.1-1-gd02db6906a (webtiles) character file.

Game seed: 6210696010262953965

212 Linkola the Conjurer (level 5, -23/27 (28) HPs)
             Began as a Deep Elf Conjurer on Sept 24, 2022.
             Annihilated by an ogre
             ... wielding a +0 giant club
              (27 damage)
             ... on level 4 of the Dungeon.
             The game lasted 00:15:36 (3834 turns).

Linkola the Conjurer (Deep Elf Conjurer)            Turns: 3834, Time: 00:15:36

HP:   -23/27 (28)   AC:  5    Str:  4    XL:     5   Next: 58%
MP:   7/13          EV: 11    Int: 25    God:
Gold: 176           SH:  0    Dex: 13    Spells: 5/12 levels left

rFire   + . .      SeeInvis .   (no weapon)
rCold   + . .      Faith    .   (no shield)
rNeg    + . .      Spirit   .   o - +1 leather armour {rF+}
rPois   .          Reflect  .   (no helmet)
rElec   .          Harm     .   (no cloak)
rCorr   .          Rampage  .   e - +0 pair of gloves
Will    .....                   (no boots)
Stlth   ++........              (no amulet)
HPRegen 0.09/turn               c - ring of protection from cold
MPRegen 0.13/turn               f - ring of positive energy

@: lightly drained
A: no striking features
a: no special abilities


You were on level 4 of the Dungeon.
You visited 1 branch of the dungeon, and saw 4 of its levels.

You collected 176 gold pieces.

Inventory:

Missiles
 r - 2 poisoned darts (quivered)
Armour
 a - a +0 robe
 e - a +0 pair of gloves (worn)
 o - a +1 leather armour of fire resistance (worn)
Jewellery
 c - a ring of protection from cold (left hand)
 f - a ring of positive energy (right hand)
Scrolls
 d - a scroll of magic mapping {unknown}
 h - a scroll of teleportation {unknown}
 k - a scroll of amnesia {unknown}
 l - a scroll of brand weapon {unknown}
 q - a scroll of summoning {unknown}
Potions
 b - a potion of magic
 g - a potion of brilliance
 i - a potion of curing
 j - a potion of degeneration {unknown}
 m - a potion of might
 n - 2 potions of heal wounds


   Skills:
 + Level 0.9 Throwing
 + Level 2.9 Dodging
 + Level 3.1 Stealth
 + Level 4.4 Spellcasting
 + Level 5.8 Conjurations
 * Level 2.6 Hexes
 * Level 1.1 Translocations


You had 5 spell levels left.
You knew the following spells:

 Your Spells              Type           Power      Damage    Failure   Level
a - Magic Dart            Conj           100%       1d8       1%          1
b - Searing Ray           Conj           68%        2d6       2%          2
c - Iskenderun's Mystic   Conj/Tloc      23%        2d6       36%         4

Your spell library contained the following spells:

 Spells                   Type           Power      Damage    Failure   Level
 Dazzling Flash           Conj/Hex       52%        N/A       9%          3
 Fulminant Prism          Conj/Hex       13%        3d9       26%         4


Dungeon Overview and Level Annotations

Branches:
Dungeon (4/15)
 Temple: D:4-7

Altars:


Message History

Aim: an ogre, wielding a +0 giant club (91% to hit)
The searing ray hits the centaur!
The centaur is almost dead.
The searing ray hits the ogre.
The ogre is moderately wounded. (Press . to maintain the ray.)
The centaur shoots an arrow.
The arrow hits you.
The searing ray hits the ogre!
The ogre is heavily wounded.
The centaur unwields a +0 shortbow.
The centaur barely misses you.
The centaur kicks you but does no damage.
The searing ray hits the ogre.
The ogre is severely wounded.
The ogre barely misses you. The centaur barely misses you.
The centaur kicks you.
The searing ray hits the ogre!
The ogre is almost dead.
You finish channelling your searing ray.
The centaur hits you. The centaur barely misses you. The ogre misses you.
The centaur closely misses you.
The centaur kicks you but does no damage.
The centaur closely misses you. The centaur kicks you.
The ogre closely misses you. The centaur barely misses you.
The centaur completely misses you.
The centaur hits you but does no damage.
The centaur kicks you. The centaur hits you.
* * * LOW HITPOINT WARNING * * *
The centaur barely misses you. The ogre hits you with a +0 giant club.
* * * LOW HITPOINT WARNING * * *
The centaur barely misses you.
The centaur kicks you but does no damage.
The centaur hits you but does no damage.
The centaur barely misses you. The ogre closely misses you.
The centaur hits you but does no damage.
The centaur barely misses you.
The centaur hits you but does no damage.
The centaur closely misses you.
The ogre hits you with a +0 giant club!!
Ouch! That really hurt!
You die...

..
..##
...
####..
#....
#...
#Oc#
#.@#
#..#
#..#
#...
####


You could see an ogre and a centaur.

Vanquished Creatures
  2 orc wizards (D:3)
  2 adders (D:2)
  4 gnolls (D:3)
  An ufetubus (D:3)
  2 worms (D:3)
  2 dart slugs (D:3)
  8 orcs
  2 bats
  8 endoplasms
  4 giant cockroaches (D:1)
  7 goblins
  9 hobgoblins
  8 quokkas
  8 ball pythons
  2 frilled lizards
  7 kobolds
  4 rats
80 creatures vanquished.

Notes
Turn   | Place    | Note
-------+----------+-------------------------------------------
     0 | D:1      | Linkola the Deep Elf Conjurer began the quest for the Orb.
     0 | D:1      | Reached XP level 1. HP: 10/10 MP: 6/6
   242 | D:1      | Reached XP level 2. HP: 15/15 MP: 5/8
   245 | D:1      | Learned a level 2 spell: Searing Ray
   395 | D:1      | Reached skill level 5 in Conjurations
   508 | D:1      | You fall into a shaft and drop 1 floor!
   664 | D:1      | Reached skill level 1 in Hexes
   750 | D:1      | Reached XP level 3. HP: 17/19 MP: 4/9
  1699 | D:2      | Reached XP level 4. HP: 24/24 MP: 9/11
  1942 | D:2      | Found a faded altar of an unknown god.
  2572 | D:3      | Reached XP level 5. HP: 27/28 MP: 7/13
  2844 | D:3      | Reached skill level 1 in Translocations
  2850 | D:3      | Learned a level 4 spell: Iskenderun's Mystic Blast
  3647 | D:4      | Noticed a centaur
  3651 | D:4      | Noticed an ogre
  3834 | D:4      | Annihilated by an ogre

Illustrated notes

Levels and vault maps discovered:
D:1:      nzn_arrival_crosshair, layout_basic
D:2:      layout_basic, chequers_ecumenical_altar_grove, grunt_ministairs_11
D:3:      layout_loops_cross, grunt_ministairs_7, chequers_avenue
D:4:      layout_loops_cross, kennysheep_generic_room_9

Skill      XL: |  1  2  3  4  5 |
---------------+----------------+-----
Conjurations   | 5 |  5.8
Hexes          | 1 2 |  2.6
Stealth        | 3 |  3.1
Spellcasting   | 4 |  4.4
Translocations | 1 |  1.1
Throwing       | |  0.9
Dodging        | |  2.9

Action                   |  1- 3 |  4- 6 || total
-------------------------+-------+-------++-------
Melee: Unarmed           |     4 |     1 ||     5
Throw: Stone             |     5 |    14 ||    19
       Dart              |       |     2 ||     2
 Cast: Magic Dart        |    72 |    74 ||   146
       Searing Ray       |       |     7 ||     7
  Use: Scroll            |     3 |     4 ||     7
       Potion            |     1 |     1 ||     2
Armor: Robe              |     3 |     1 ||     4
       Leather armour    |       |    20 ||    20
Dodge: Dodged            |     8 |    41 ||    49
